 Dungeon Crawl Stone Soup version 0.29.0-4-gdea44cf6ec (webtiles) character file.

Game seed: 2308641923192193726

164127 qw the Peltast (level 17, -12/244 HPs)
             Began as a Minotaur Berserker on Sept 10, 2022.
             Was an Elder of Trog.
             Mangled by a snapping turtle (19 damage)
             ... on level 4 of the Shoals.
             The game lasted 00:14:14 (41024 turns).

qw the Peltast (Minotaur Berserker)                Turns: 41024, Time: 00:14:15

Health: -12/244    AC: 34    Str: 33    XL:     17   Next: 25%
Magic:  16/16      EV:  9    Int:  4    God:    Trog [****..]
Gold:   170        SH: 18    Dex:  7    Spells: 16/16 levels left

rFire   + + .      SeeInvis +   v - +0 broad axe (freeze)
rCold   + . .      Faith    .   C - +0 tower shield
rNeg    + + .      Spirit   .   p - +3 plate armour
rPois   +          Reflect  .   s - -2 hat of the Alchemist {rElec rPois rF+ rC+ rN+ Will+ rMut rCorr}
rElec   +          Harm     .   e - +2 cloak
rCorr   +          Rampage  .   c - +2 pair of gloves
rMut    +                       f - +2 pair of boots
Will    +++..                   B - amulet "Noapn" {rN+ Regen+ Dex-3 SInv}
Stlth   ..........              u - ring "Nueshrac" {Fly rF+ Will+ Str+3}
HPRegen 1.30/turn               m - +4 ring of protection
MPRegen 0.15/turn

@: berserking, flying, very quick
A: horns 2, retaliatory headbutt, deterioration 1
a: Renounce Religion, Berserk, Trog's Hand, Brothers in Arms


You were on level 4 of the Shoals.
You worshipped Trog.
Trog was greatly pleased with you.
You visited 5 branches of the dungeon, and saw 29 of its levels.

You collected 2675 gold pieces.
You spent 2505 gold pieces at shops.


Innate Abilities, Weirdness & Mutations

You have a pair of horns on your head.
You reflexively headbutt those who attack you in melee.
Your body sometimes deteriorates upon taking damage.


   Skills:
 - Level 18.0 Fighting
 - Level 18.0 Axes
 - Level 10.0 Throwing
 - Level 17.0 Armour
 - Level 8.0 Dodging
 + Level 18.3 Shields


You had 16 spell levels left.
You didn't know any spells.
Your spell library was empty.

Inventory:

Hand Weapons
 q - a +0 war axe of flaming
 v - a +0 broad axe of freezing (weapon)
Missiles
 n - 8 boomerangs
 x - 8 silver javelins (quivered)
 A - 3 javelins
Armour
 c - a +2 pair of gloves (worn)
 e - a +2 cloak (worn)
 f - a +2 pair of boots (worn)
 i - the +0 hat of Indemnity {Str+5}
   (You found it on level 2 of the Lair of Beasts)

   Str:       It affects your strength (+5).
 p - a +3 plate armour (worn)
 s - the -2 hat of the Alchemist (worn) {rElec rPois rF+ rC+ rN+ Will+ rMut rCorr}
   (You found it on level 12 of the Dungeon)

   rF:        It protects you from fire.
   rC:        It protects you from cold.
   rElec:     It insulates you from electricity.
   rPois:     It protects you from poison.
   rN:        It protects you from negative energy.
   rCorr:     It protects you from acid and corrosion.
   rMut:      It protects you from mutation.
   Will:      It increases your willpower.
 C - a +0 tower shield (worn)
Jewellery
 b - an amulet of regeneration
 h - a ring of poison resistance
 k - a ring of protection from fire
 m - a +4 ring of protection (right hand)
 r - the ring "Idwoiniovo" {Fire rN+ Dex+2}
   (You found it on level 12 of the Dungeon)

   [ring of fire]

   It enhances your fire magic.
   Dex:       It affects your dexterity (+2).
   rF:        It protects you from fire.
   rC:        It makes you vulnerable to cold.
   rN:        It protects you from negative energy.
 u - the ring "Nueshrac" (left hand) {Fly rF+ Will+ Str+3}
   (You found it on level 14 of the Dungeon)

   [ring of flight]

   Str:       It affects your strength (+3).
   rF:        It protects you from fire.
   Fly:       It grants you flight.
   Will:      It increases your willpower.
 B - the amulet "Noapn" (around neck) {rN+ Regen+ Dex-3 SInv}
   (You found it on level 3 of the Snake Pit)

   [amulet of regeneration]

   Dex:       It affects your dexterity (-3).
   rN:        It protects you from negative energy.
   SInv:      It lets you see invisible.
   Regen:     It increases your rate of health regeneration.
 Y - a +4 ring of evasion
Wands
 y - a wand of digging (22)
Scrolls
 a - 12 scrolls of teleportation
 o - 13 scrolls of identify
Potions
 d - 3 potions of haste
 g - 3 potions of resistance
 l - a potion of cancellation
 t - 17 potions of curing
 w - 7 potions of mutation
 z - 3 potions of might

Dungeon Overview and Level Annotations

Branches:
Dungeon (15/15)            Temple (0/1) D:7            Lair (5/5) D:10
 Shoals (4/4) Lair:3        Snake (3/4) Lair:2        Slime (0/5) Lair:5
    Orc (2/2) D:11            Elf (0/3) Orc:2        Vaults (0/5) D:13
 Depths (0/4) D:15

Altars:
Dithmenos
Elyvilon
Fedhas
Kikubaaqudgha
Trog
Uskayaw
Vehumet
Xom
Yredelemnul
Lugonu

Shops:
D:7 (   Orc:2 *::!   Shoals:1 *   Shoals:2 (   Snake:2 (!*?=*   Snake:3 ::=

Portals:
Abyss: Shoals:2

Annotations:
D:3 2 transporters, qw's ghost, amateur GrFi
D:4 2 runed translucent doors, qw's ghost, novice GrFi
D:9 1 runed translucent door
D:12 1 runed translucent door, Nissa's ghost, journeyman MiFi
D:14 2 runed translucent doors, Kapsuk's ghost, journeyman DECj
Shoals:1 2 transporters, Glennnyy's ghost, adept GrFi
Shoals:2 1 runed translucent door


Message History

The merfolk hits you but does no damage.
The snapping turtle barely misses you. You block the faun's attack.
You slice the merfolk impaler!! You freeze the merfolk impaler.
You feel the power of Trog in you as your rage grows.
You kill the merfolk impaler!
Trog accepts your kill.
You hear a splash. x2
The merfolk javelineer throws a javelin.
The javelin pierces through you.
You hear a splash.
The faun shoots a sling bullet.
You block the sling bullet.
You miss the sea snake. You headbutt the sea snake.
The sea snake is lightly wounded.
You block the sea snake's attack.
The merfolk hits you but does no damage.
You block the snapping turtle's attack.
The faun points at you and mumbles some strange words.
You resist with almost no effort.
A faun comes into view. It is wielding a +0 spear. x2
The merfolk javelineer throws a javelin.
The javelin pierces through you.
The faun shouts!
You slash the sea snake!
The sea snake seems to slow down.
You freeze the sea snake. You headbutt the sea snake!!
The sea snake is almost dead.
You hear a shout!
You hear an angry hiss.
The faun shoots a sling bullet.
The sling bullet hits you.
You slice the sea snake!! You freeze the sea snake.
You kill the sea snake!
Trog accepts your kill. You block the merfolk's attack.
You block the snapping turtle's attack. The faun barely misses you.
The merfolk javelineer throws a javelin.
The javelin closely misses you.
The merfolk aquamancer hits you but does no damage.
The merfolk impaler hits you from afar with a +2 trident of protection!
The faun shoots a sling bullet.
The sling bullet hits you.
The merfolk hits you but does no damage.
The snapping turtle bites you from afar!!
You die...

PP~~~~P.P ...#.
~c~c~~PP##.PP..
PPPP~~~~~~~~#...Pc.
~~~~~~~~~~~~~.......
.~~~~~~~~~~~~~..$...
.~~~~~~~~~~~~~m.....
~~~~~~~~~~~~m~c~~~~~
~~~~~~~~~~m~@)~~~~~~
~~~~~~~~%)t~~~~~~~~~
~~~~~~~~~~~~%~~~~~~~
~~~~~~.<...~~~~~~~~~
~~~~~.####.~~~~m~~~~
~~~~~ #.~~~~~~~~~
~~~~ ##.~~~~~~~~ ~~.
..~PP~PP~~ ..
.PPP~~~P##


You could see a merfolk impaler, a merfolk javelineer, a merfolk aquamancer, a
snapping turtle, a merfolk and 4 fauns.

Vanquished Creatures
  Jorgrun (Shoals:1)
  Rupert (D:13)
  Frances (Snake:2)
  Agnes (Snake:3)
  Aizul (Snake:1)
  Louise (Snake:2)
  Azrael (Snake:2)
  Nessos (D:14)
  An ettin (D:14)
  2 merfolk impalers
  Snorg (D:14)
  A merfolk javelineer (Shoals:2)
  Josephine (Orc:2)
  4 boulder beetles
  7 centaur warriors
  11 hydras
  2 catoblepae
  5 anacondas
  4 merfolk avatars
  5 naga warriors
  An alligator snapping turtle (Shoals:3)
  3 two-headed ogres
  2 satyrs (Shoals:3)
  2 tengu warriors
  2 naga sharpshooters
  An orc high priest (Orc:2)
  Urug (Orc:2)
  A hell knight (D:15)
  4 shock serpents
  6 skeletal warriors (D:13)
  A steelbarb worm (shapeshifter) (D:13)
  12 sea snakes
  A salamander mystic (Snake:1)
  2 wizards (D:12)
  A deep troll (D:15)
  4 naga ritualists
  An orc knight (D:15)
  2 necromancers (D:15)
  4 oklob plants (Lair:5)
  4 mana vipers
  2 orc sorcerers
  12 harpies
  4 slime creatures (D:12)
  18 ugly things
  3 deep elf pyromancers
  6 fauns
  A wolf spider (Lair:1)
  6 cyclopes
  10 manticores
  2 cyclopes (shapeshifter)
  7 salamanders
  10 elephants
  Maurice (Orc:2)
  4 merfolk sirens (Shoals:1)
  3 guardian serpents
  2 torpor snails
  5 water nymphs
  28 black mambas
  An apocalypse crab (Shoals:2)
  16 naga magi
  12 cane toads
  4 kobold demonologists (D:9)
  4 rime drakes (Lair:5)
  An efreet (D:13)
  16 komodo dragons
  3 tengu conjurers
  5 trolls
  6 wind drakes
  8 merfolk
  2 polar bears (Lair:5)
  2 hornets
  19 dream sheep
  6 snapping turtles
  5 blink frogs (Lair:4)
  A shadow (D:9)
  6 wraiths
  A vampire (D:13)
  A water elemental (Shoals:2)
  7 wyverns
  A hog (shapeshifter) (D:14)
  32 yaks
  A human (D:11)
  3 fire elementals (Snake:2)
  4 basilisks
  10 vampire mosquitoes
  Menkaure (D:4)
  3 steam dragons (Lair:5)
  28 water moccasins
  27 nagas
  3 acid dragons
  A hell hound (Snake:2)
  5 wargs
  A floating eye (shapeshifter) (D:13)
  2 ice beasts
  2 sky beasts
  17 orc warriors
  2 black bears
  6 centaurs
  6 ogres
  39 wolves
  3 phantoms
  9 kobold brigands
  2 necrophages (D:6)
  9 bullfrogs
  2 gnoll sergeants
  6 scorpions
  2 wights (D:9)
  4 killer bees (D:10)
  A killer bee (shapeshifter) (D:13)
  6 howler monkeys
  3 jellies
  A gnoll bouda (D:7)
  A hound (D:5)
  24 orc priests
  2 iguanas
  24 orc wizards
  15 adders
  11 gnolls
  A shadow imp (D:8)
  An ufetubus (D:4)
  6 worms
  2 dart slugs
  57 orcs
  4 ball pythons
  4 bats
  5 endoplasms
  2 giant cockroaches (D:5)
  13 goblins
  6 hobgoblins
  3 jackals (D:1)
  34 kobolds
  4 quokkas
  2 frilled lizards
  11 rats
  A fire vortex (D:14)
832 creatures vanquished.

Vanquished Creatures (collateral kills)
  A very ugly thing (Snake:2)
  An oklob plant (Lair:5)
  3 orc sorcerers (Orc:2)
  A wolf spider (Lair:1)
  A faun (Lair:5)
  A cane toad (Lair:1)
  A komodo dragon (Lair:1)
  A blink frog (Lair:5)
  3 orc warriors (Orc:2)
  4 wolves (Lair:5)
  An orc priest (Orc:2)
  3 orc wizards (Orc:2)
  2 adders (Lair:1)
23 creatures vanquished.

Vanquished Creatures (others)
  A cyclops (D:9)
  A merfolk (Shoals:4)
  A snapping turtle (Shoals:4)
  A shadow (D:9)
  A wolf (Lair:5)
  An orc wizard (Orc:2)
  4 bushes (D:10)
  35 fungi
  164 plants
209 creatures vanquished.

Grand Total: 1064 creatures vanquished

Notes
Turn   | Place    | Note
-------+----------+-------------------------------------------
     0 | D:1      | qw the Minotaur Berserker began the quest for the Orb.
     0 | D:1      | Reached XP level 1. HP: 19/19 MP: 0/0
     0 | D:1      | 0 ||| qw: Version: 0.1-a-116-g5d60599
     0 | D:1      | 0 ||| qw: Game counter: 7545
     0 | D:1      | 0 ||| qw: Always use a shield: true
     0 | D:1      | 0 ||| qw: Do Orc after D:15 true
     0 | D:1      | 0 ||| qw: Do second Lair branch before Depths: true
     0 | D:1      | 0 ||| qw: Lair rune preference: random
     0 | D:1      | 0 ||| qw: Plans: Normal
     0 | D:1      | 0 ||| PLANNING D:1-11
    24 | D:1      | Reached XP level 2. HP: 18/26 MP: 1/1
   253 | D:1      | 253 ||| Stepping ~*~*~tactically~*~*~ (stealth).
   254 | D:1      | 254 ||| Stepping ~*~*~tactically~*~*~ (stealth).
   263 | D:1      | 263 ||| Stepping ~*~*~tactically~*~*~ (stealth).
   266 | D:1      | 266 ||| Stepping ~*~*~tactically~*~*~ (stealth).
   615 | D:1      | 615 ||| Stepping ~*~*~tactically~*~*~ (stealth).
   840 | D:1      | Reached ** piety under Trog
   848 | D:1      | Reached XP level 3. HP: 26/31 MP: 2/2
  1299 | D:1      | 1299 ||| UPGRADING to +0 ring mail.
  1309 | D:1      | 1309 ||| DROPPING +0 animal skin.
  1310 | D:1      | 1310 ||| UPGRADING to +0 chain mail.
  1320 | D:1      | 1320 ||| DROPPING +0 ring mail.
  1321 | D:1      | 1321 ||| UPGRADING to ring of poison resistance.
  1322 | D:1      | 1322 ||| UPGRADING to +4 ring of protection.
  1323 | D:1      | 1323 ||| READING scroll labelled DAEGHO ETIUKUCYTZ.
  1324 | D:1      | 1324 ||| READING scroll labelled EDEMOIT QOKH.
  1325 | D:1      | 1325 ||| READING 2 scrolls labelled PASTRU KAIT RIUF.
  1326 | D:1      | 1326 ||| READING scroll labelled ORPHOD ZIDAFRAK.
  1327 | D:1      | 1327 ||| DRINKING 2 ruby potions.
  1428 | D:1      | 1428 ||| DROPPING potion of ambrosia.
  1686 | D:2      | 1686 ||| Stepping ~*~*~tactically~*~*~ (stealth).
  1691 | D:2      | 1691 ||| Stepping ~*~*~tactically~*~*~ (stealth).
  1692 | D:2      | 1692 ||| Stepping ~*~*~tactically~*~*~ (stealth).
  1723 | D:2      | 1723 ||| INVOKING Berserk.
  1901 | D:2      | 1901 ||| Stepping ~*~*~tactically~*~*~ (stealth).
  1902 | D:2      | 1902 ||| Stepping ~*~*~tactically~*~*~ (stealth).
  1904 | D:2      | 1904 ||| Stepping ~*~*~tactically~*~*~ (hiding).
  1913 | D:2      | 1913 ||| INVOKING Berserk.
  1915 | D:2      | Reached skill level 6 in Axes
  1915 | D:2      | Reached XP level 4. HP: 39/39 MP: 3/3
  2051 | D:2      | 2051 ||| DROPPING +0 whip.
  2388 | D:2      | 2388 ||| READING 2 scrolls labelled KOWKOQ NA NIAPS.
  2391 | D:2      | 2391 ||| READING scroll labelled PODDAERISCH.
  2474 | D:3      | Found a faded altar of an unknown god.
  2516 | D:3      | Found a bloodstained altar of Trog.
  2708 | D:3      | Noticed a scorpion
  2718 | D:3      | Killed a scorpion
  2719 | D:3      | Reached XP level 5. HP: 45/45 MP: 4/4
  2741 | D:3      | Noticed qw's ghost (amateur GrFi)
  2742 | D:3      | Found a transporter.
  2848 | D:3      | Found a white marble altar of Elyvilon.
  2957 | D:3      | 2957 ||| FLEEEEING.
  2958 | D:3      | 2958 ||| FLEEEEING.
  2959 | D:3      | 2959 ||| FLEEEEING.
  2960 | D:3      | 2960 ||| FLEEEEING.
  2975 | D:3      | 2975 ||| INVOKING Berserk.
  3049 | D:3      | 3049 ||| SWAPPING to +0 war axe.
  3050 | D:3      | 3050 ||| DROPPING +0 hand axe.
  3233 | D:3      | Found a transporter.
  3309 | D:3      | 3309 ||| UPGRADING to +0 pair of boots.
  3314 | D:3      | 3314 ||| READING scroll of enchant armour.
  3314 | D:3      | 3314 ||| ENCHANTING +0 pair of boots.
  3315 | D:3      | 3315 ||| DRINKING 3 grey potions.
  3316 | D:3      | 3316 ||| DROPPING 2 potions of flight.
  3351 | D:4      | 3351 ||| STAIRDANCE
  3435 | D:4      | Noticed Menkaure
  3436 | D:4      | 3436 ||| Stepping ~*~*~tactically~*~*~ (hiding).
  3439 | D:4      | 3439 ||| Stepping ~*~*~tactically~*~*~ (hiding).
  3440 | D:4      | 3440 ||| Stepping ~*~*~tactically~*~*~ (hiding).
  3445 | D:4      | 3445 ||| INVOKING Berserk.
  3451 | D:4      | Killed Menkaure
  3452 | D:4      | Reached XP level 6. HP: 22/52 MP: 5/5
  3629 | D:4      | 3629 ||| Stepping ~*~*~tactically~*~*~ (stealth).
  3630 | D:4      | 3630 ||| Stepping ~*~*~tactically~*~*~ (stealth).
  3631 | D:4      | 3631 ||| Stepping ~*~*~tactically~*~*~ (stealth).
  3863 | D:4      | 3863 ||| Stepping ~*~*~tactically~*~*~ (stealth).
  3864 | D:4      | 3864 ||| Stepping ~*~*~tactically~*~*~ (stealth).
  3871 | D:4      | 3871 ||| Stepping ~*~*~tactically~*~*~ (stealth).
  3887 | D:4      | Reached skill level 9 in Axes
  3954 | D:4      | Found a runed translucent door.
  3967 | D:4      | 3967 ||| Stepping ~*~*~tactically~*~*~ (stealth).
  3996 | D:4      | 3996 ||| READING scroll of enchant armour.
  3996 | D:4      | 3996 ||| ENCHANTING +1 pair of boots.
  4028 | D:4      | Reached *** piety under Trog
  4063 | D:4      | Reached XP level 7. HP: 59/59 MP: 6/6
  4146 | D:4      | Reached skill level 3 in Armour
  4150 | D:4      | Found a runed translucent door.
  4153 | D:4      | Noticed qw's ghost (novice GrFi)
  4217 | D:4      | 4217 ||| Stepping ~*~*~tactically~*~*~ (stealth).
  4227 | D:4      | 4227 ||| Stepping ~*~*~tactically~*~*~ (stealth).
  4231 | D:4      | 4231 ||| Stepping ~*~*~tactically~*~*~ (stealth).
  4246 | D:4      | 4246 ||| Stepping ~*~*~tactically~*~*~ (stealth).
  4259 | D:4      | 4259 ||| FLEEEEING.
  4260 | D:4      | 4260 ||| FLEEEEING.
  4261 | D:4      | 4261 ||| FLEEEEING.
  4262 | D:4      | 4262 ||| FLEEEEING.
  4263 | D:4      | 4263 ||| FLEEEEING.
  4264 | D:4      | 4264 ||| FLEEEEING.
  4265 | D:4      | 4265 ||| FLEEEEING.
  4266 | D:4      | 4266 ||| FLEEEEING.
  4276 | D:4      | 4276 ||| STAIRDANCE
  4311 | D:3      | 4311 ||| DRINKING 2 golden potions.
  4312 | D:3      | 4312 ||| READING 2 scrolls of identify.
  4312 | D:3      | 4312 ||| IDENTIFYING pink potion
  4313 | D:3      | 4313 ||| DROPPING potion of brilliance.
  4336 | D:4      | 4336 ||| FLEEEEING.
  4359 | D:4      | 4359 ||| FLEEEEING.
  4360 | D:4      | 4360 ||| FLEEEEING.
  4361 | D:4      | 4361 ||| FLEEEEING.
  4362 | D:4      | 4362 ||| FLEEEEING.
  4363 | D:4      | 4363 ||| FLEEEEING.
  4364 | D:4      | 4364 ||| FLEEEEING.
  4365 | D:4      | 4365 ||| FLEEEEING.
  4366 | D:4      | 4366 ||| FLEEEEING.
  4638 | D:4      | 4638 ||| Stepping ~*~*~tactically~*~*~ (stealth).
  4641 | D:4      | 4641 ||| INVOKING Berserk.
  4964 | D:5      | Entered Level 5 of the Dungeon
  4965 | D:5      | 4965 ||| PLANNING SEWER
  4979 | D:5      | 4979 ||| Stepping ~*~*~tactically~*~*~ (hiding).
  5094 | D:5      | Identified the +10 mace of the Hall of Blades {freeze,
                  | rPois Str+3 Dex+2}
  5096 | D:5      | 5096 ||| DROPPING +0 flail.
  5304 | D:5      | Reached skill level 6 in Fighting
  5304 | D:5      | Reached XP level 8. HP: 57/71 MP: 7/7
  5407 | D:5      | 5407 ||| INVOKING Berserk.
  5641 | D:5      | 5641 ||| RIP SEWER
  5648 | D:5      | 5648 ||| PLANNING D:1-11
  5695 | D:5      | 5695 ||| Stepping ~*~*~tactically~*~*~ (stealth).
  5696 | D:5      | 5696 ||| Stepping ~*~*~tactically~*~*~ (stealth).
  5720 | D:5      | 5720 ||| Stepping ~*~*~tactically~*~*~ (water).
  5827 | D:5      | Reached skill level 1 in Throwing
  5935 | D:5      | 5935 ||| UPGRADING to +0 cloak.
  5940 | D:5      | 5940 ||| READING scroll of enchant armour.
  5940 | D:5      | 5940 ||| ENCHANTING +0 cloak.
  5941 | D:5      | 5941 ||| DROPPING ring of flight.
  5942 | D:5      | 5942 ||| DROPPING ring of ice.
  5943 | D:5      | 5943 ||| DRINKING 2 viscous emerald potions.
  5944 | D:5      | 5944 ||| READING 2 scrolls of identify.
  5944 | D:5      | 5944 ||| IDENTIFYING sapphire potion
  5945 | D:5      | 5945 ||| DROPPING potion of attraction.
  5973 | D:6      | 5973 ||| Stepping ~*~*~tactically~*~*~ (stealth).
  6024 | D:6      | 6024 ||| Stepping ~*~*~tactically~*~*~ (stealth).
  6027 | D:6      | Reached **** piety under Trog
  6029 | D:6      | 6029 ||| Stepping ~*~*~tactically~*~*~ (stealth).
  6037 | D:6      | 6037 ||| INVOKING Berserk.
  6203 | D:6      | 6203 ||| READING scroll of enchant armour.
  6203 | D:6      | 6203 ||| ENCHANTING +1 cloak.
  6244 | D:6      | 6244 ||| INVOKING Berserk.
  6424 | D:6      | Found an ancient bone altar of Kikubaaqudgha.
  6432 | D:6      | Found a basalt altar of Yredelemnul.
  6432 | D:6      | Found a shimmering altar of Xom.
  6433 | D:6      | You fall into a shaft and drop 1 floor!
  6483 | D:7      | Found a staircase to the Ecumenical Temple.
  6501 | D:7      | Reached skill level 12 in Axes
  6640 | D:6      | Reached XP level 9. HP: 79/79 MP: 8/8
  6728 | D:6      | 6728 ||| Stepping ~*~*~tactically~*~*~ (stealth).
  6729 | D:6      | 6729 ||| Stepping ~*~*~tactically~*~*~ (stealth).
  6730 | D:6      | 6730 ||| Stepping ~*~*~tactically~*~*~ (stealth).
  6990 | D:6      | 6990 ||| Stepping ~*~*~tactically~*~*~ (stealth).
  7061 | D:6      | 7061 ||| READING scroll labelled FOS FOINNELAR.
  7218 | D:7      | 7218 ||| Stepping ~*~*~tactically~*~*~ (hiding).
  7224 | D:7      | 7224 ||| INVOKING Berserk.
  7507 | D:7      | Noticed a red ugly thing
  7508 | D:7      | 7508 ||| Stepping ~*~*~tactically~*~*~ (stealth).
  7513 | D:7      | 7513 ||| INVOKING Berserk.
  7516 | D:7      | Killed a red ugly thing
  7517 | D:7      | Reached skill level 9 in Fighting
  8153 | D:7      | Found Jiudokk's Weapon Boutique.
  8333 | D:7      | 8333 ||| UPGRADING to +1 hat.
  8338 | D:7      | 8338 ||| READING scroll labelled FOEHIRIFRU.
  8339 | D:7      | 8339 ||| READING scroll labelled SAOM VEQIM.
  8340 | D:7      | 8340 ||| DRINKING 2 brown potions.
  8341 | D:7      | 8341 ||| READING 2 scrolls of identify.
  8341 | D:7      | 8341 ||| IDENTIFYING white potion
  8421 | D:8      | 8421 ||| Stepping ~*~*~tactically~*~*~ (hiding).
  8494 | D:8      | 8494 ||| Stepping ~*~*~tactically~*~*~ (stealth).
  8496 | D:8      | 8496 ||| Stepping ~*~*~tactically~*~*~ (stealth).
  8507 | D:8      | 8507 ||| Stepping ~*~*~tactically~*~*~ (stealth).
  8509 | D:8      | 8509 ||| Stepping ~*~*~tactically~*~*~ (stealth).
  8510 | D:8      | 8510 ||| Stepping ~*~*~tactically~*~*~ (stealth).
  8518 | D:8      | 8518 ||| FLEEEEING.
  8609 | D:8      | 8609 ||| Stepping ~*~*~tactically~*~*~ (stealth).
  8613 | D:8      | 8613 ||| Stepping ~*~*~tactically~*~*~ (stealth).
  8615 | D:8      | 8615 ||| Stepping ~*~*~tactically~*~*~ (stealth).
  8620 | D:8      | 8620 ||| Stepping ~*~*~tactically~*~*~ (hiding).
  8626 | D:8      | Reached skill level 6 in Armour
  8757 | D:8      | 8757 ||| Stepping ~*~*~tactically~*~*~ (stealth).
  8758 | D:8      | 8758 ||| Stepping ~*~*~tactically~*~*~ (stealth).
  8853 | D:8      | 8853 ||| INVOKING Berserk.
  9087 | D:8      | 9087 ||| UPGRADING to +0 kite shield.
  9092 | D:8      | 9092 ||| READING scroll labelled NAASOQ TIJAZE.
  9093 | D:8      | 9093 ||| DROPPING +10 mace of the Hall of Blades {freeze,
                  | rPois Str+3 Dex+2}.
  9094 | D:8      | 9094 ||| DRINKING 2 fizzy golden potions.
  9094 | D:8      | Gained mutation: You passively map a small area around you.
                  | [potion of mutation]
  9094 | D:8      | Gained mutation: Your flesh is heat resistant. (rF+)
                  | [potion of mutation]
  9094 | D:8      | Gained mutation: Your body sometimes deteriorates upon
                  | taking damage. [potion of mutation]
  9095 | D:8      | 9095 ||| READING 4 scrolls of identify.
  9095 | D:8      | 9095 ||| IDENTIFYING lumpy cyan potion
  9096 | D:8      | 9096 ||| DROPPING potion of degeneration.
  9144 | D:9      | Noticed a troll
  9144 | D:9      | Noticed a troll
  9145 | D:9      | 9145 ||| Stepping ~*~*~tactically~*~*~ (stealth).
  9146 | D:9      | 9146 ||| INVOKING Berserk.
  9148 | D:9      | Killed a troll
  9149 | D:9      | Reached XP level 10. HP: 91/91 MP: 9/9
  9153 | D:9      | Reached skill level 3 in Shields
  9161 | D:9      | Noticed a two-headed ogre
  9163 | D:9      | 9163 ||| Stepping ~*~*~tactically~*~*~ (stealth).
  9169 | D:9      | Killed a two-headed ogre
  9174 | D:9      | Noticed a cyclops
  9175 | D:9      | HP: 22/91 [centaur/arrow (5)]
  9176 | D:9      | Reached skill level 6 in Shields
  9176 | D:9      | 9176 ||| READING 5 scrolls of teleportation.
  9177 | D:9      | 9177 ||| DRINKING 2 potions of heal wounds.
  9218 | D:9      | 9218 ||| Stepping ~*~*~tactically~*~*~ (stealth).
  9220 | D:9      | 9220 ||| Stepping ~*~*~tactically~*~*~ (stealth).
  9222 | D:9      | 9222 ||| Stepping ~*~*~tactically~*~*~ (stealth).
  9224 | D:9      | 9224 ||| Stepping ~*~*~tactically~*~*~ (stealth).
  9262 | D:9      | 9262 ||| FLEEEEING.
  9267 | D:9      | 9267 ||| FLEEEEING.
  9268 | D:9      | 9268 ||| FLEEEEING.
  9269 | D:9      | 9269 ||| FLEEEEING.
  9270 | D:9      | 9270 ||| STAIRDANCE
  9372 | D:8      | 9372 ||| READING 3 scrolls labelled XIPLEA WUSUU.
  9373 | D:8      | 9373 ||| DROPPING 2 scrolls of vulnerability.
  9399 | D:9      | 9399 ||| INVOKING Berserk.
  9402 | D:9      | Killed a cyclops
  9507 | D:9      | 9507 ||| Stepping ~*~*~tactically~*~*~ (stealth).
  9508 | D:9      | 9508 ||| Stepping ~*~*~tactically~*~*~ (stealth).
  9571 | D:9      | 9571 ||| Stepping ~*~*~tactically~*~*~ (stealth).
  9578 | D:9      | 9578 ||| Stepping ~*~*~tactically~*~*~ (stealth).
  9586 | D:9      | 9586 ||| Stepping ~*~*~tactically~*~*~ (stealth).
  9623 | D:9      | 9623 ||| Stepping ~*~*~tactically~*~*~ (stealth).
  9626 | D:9      | 9626 ||| Stepping ~*~*~tactically~*~*~ (stealth).
  9765 | D:9      | 9765 ||| Stepping ~*~*~tactically~*~*~ (hiding).
  9888 | D:9      | Reached skill level 9 in Shields
  9995 | D:9      | 9995 ||| Stepping ~*~*~tactically~*~*~ (hiding).
 10276 | D:9      | Found a runed translucent door.
 10276 | D:9      | Noticed a manticore
 10276 | D:9      | Noticed a boulder beetle
 10277 | D:9      | 10277 ||| INVOKING Berserk.
 10280 | D:9      | Killed a manticore
 10311 | D:9      | Noticed a centaur warrior
 10378 | D:9      | Noticed a cyclops
 10428 | D:9      | 10428 ||| Stepping ~*~*~tactically~*~*~ (hiding).
 10439 | D:9      | Noticed a rust devil
 10453 | D:9      | Gained mutation: You are occasionally teleported next to
                  | monsters. [a neqoxec]
 10466 | D:9      | Reached XP level 11. HP: 73/97 MP: 10/10
 10471 | D:9      | 10471 ||| DRINKING potion of cancellation.
 10593 | D:9      | 10593 ||| DRINKING potion of mutation.
 10593 | D:9      | Lost mutation: You are occasionally teleported next to
                  | monsters. [potion of mutation]
 10593 | D:9      | Lost mutation: You passively map a small area around you.
                  | [potion of mutation]
 10593 | D:9      | Lost mutation: Your flesh is heat resistant. (rF+) [potion
                  | of mutation]
 11022 | D:9      | Found a shadowy altar of Dithmenos.
 11148 | D:9      | 11148 ||| UPGRADING to +0 plate armour.
 11158 | D:9      | 11158 ||| DROPPING +0 chain mail.
 11159 | D:9      | 11159 ||| UPGRADING to +0 pair of gloves.
 11164 | D:9      | 11164 ||| DRINKING 2 murky emerald potions.
 11204 | D:9      | 11204 ||| READING 4 scrolls of identify.
 11204 | D:9      | 11204 ||| IDENTIFYING red potion
 11205 | D:9      | 11205 ||| READING 3 scrolls of identify.
 11205 | D:9      | 11205 ||| IDENTIFYING orange potion
 11206 | D:9      | 11206 ||| DROPPING potion of lignification.
 11207 | D:9      | 11207 ||| DROPPING potion of magic.
 11254 | D:10     | Entered Level 10 of the Dungeon
 11369 | D:10     | 11369 ||| Stepping ~*~*~tactically~*~*~ (hiding).
 11370 | D:10     | 11370 ||| INVOKING Berserk.
 11385 | D:10     | 11385 ||| Stepping ~*~*~tactically~*~*~ (stealth).
 11575 | D:10     | 11575 ||| Stepping ~*~*~tactically~*~*~ (stealth).
 11639 | D:10     | 11639 ||| Stepping ~*~*~tactically~*~*~ (hiding).
 11992 | D:10     | 11992 ||| Stepping ~*~*~tactically~*~*~ (stealth).
 11993 | D:10     | 11993 ||| Stepping ~*~*~tactically~*~*~ (stealth).
 12002 | D:10     | Reached ***** piety under Trog
 12023 | D:10     | 12023 ||| Stepping ~*~*~tactically~*~*~ (stealth).
 12034 | D:10     | 12034 ||| Stepping ~*~*~tactically~*~*~ (hiding).
 12049 | D:10     | Reached skill level 15 in Axes
 12245 | D:10     | Found a staircase to the Lair.
 12407 | D:10     | 12407 ||| Stepping ~*~*~tactically~*~*~ (stealth).
 12408 | D:10     | 12408 ||| Stepping ~*~*~tactically~*~*~ (stealth).
 12445 | D:10     | 12445 ||| PLANNING LAIR
 12445 | D:10     | 12445 ||| READING scroll labelled TORIYS GYZAIL.
 12460 | Lair:1   | Entered Level 1 of the Lair of Beasts
 12472 | Lair:1   | Noticed an eight-headed hydra
 12476 | Lair:1   | 12476 ||| INVOKING Berserk.
 12479 | Lair:1   | Killed a five-headed hydra
 12573 | Lair:1   | 12573 ||| Stepping ~*~*~tactically~*~*~ (stealth).
 12578 | Lair:1   | 12578 ||| INVOKING Berserk.
 12725 | Lair:1   | 12725 ||| INVOKING Berserk.
 12729 | Lair:1   | Reached skill level 9 in Armour
 12906 | Lair:1   | 12906 ||| Stepping ~*~*~tactically~*~*~ (stealth).
 12912 | Lair:1   | Reached skill level 3 in Dodging
 12918 | Lair:1   | 12918 ||| INVOKING Berserk.
 13100 | Lair:1   | 13100 ||| INVOKING Berserk.
 13273 | Lair:1   | Noticed a four-headed hydra
 13277 | Lair:1   | 13277 ||| INVOKING Berserk.
 13280 | Lair:1   | Killed a one-headed hydra
 13318 | Lair:1   | 13318 ||| Stepping ~*~*~tactically~*~*~ (stealth).
 13323 | Lair:1   | Noticed a wolf spider
 13327 | Lair:1   | 13327 ||| INVOKING Berserk.
 13334 | Lair:1   | Killed a wolf spider
 13335 | Lair:1   | Reached XP level 12. HP: 106/106 MP: 11/11
 13344 | Lair:1   | 13344 ||| Stepping ~*~*~tactically~*~*~ (stealth).
 13345 | Lair:1   | 13345 ||| Stepping ~*~*~tactically~*~*~ (stealth).
 13346 | Lair:1   | 13346 ||| Stepping ~*~*~tactically~*~*~ (stealth).
 13348 | Lair:1   | 13348 ||| INVOKING Brothers in Arms.
 13474 | Lair:1   | 13474 ||| Stepping ~*~*~tactically~*~*~ (hiding).
 13898 | Lair:1   | 13898 ||| UPGRADING to +2 pair of gloves.
 13908 | Lair:1   | 13908 ||| DROPPING +0 pair of gloves.
 13909 | Lair:1   | 13909 ||| READING scroll labelled KADE ESIRGH.
 13929 | Lair:2   | Identified the +0 hat of Indemnity {Str+5}
 14179 | Lair:2   | 14179 ||| INVOKING Berserk.
 14229 | Lair:2   | Reached skill level 12 in Shields
 14458 | Lair:2   | 14458 ||| FLEEEEING.
 14460 | Lair:2   | 14460 ||| INVOKING Berserk.
 14698 | Lair:2   | Found a blossoming altar of Fedhas.
 14730 | Lair:2   | 14730 ||| INVOKING Berserk.
 14960 | Lair:2   | Noticed a seven-headed hydra
 14963 | Lair:2   | 14963 ||| INVOKING Berserk.
 14967 | Lair:2   | Killed a three-headed hydra
 15135 | Lair:2   | Found a staircase to the Snake Pit.
 15136 | Lair:2   | 15136 ||| Stepping ~*~*~tactically~*~*~ (stealth).
 15331 | Lair:2   | Reached skill level 12 in Fighting
 15724 | Lair:2   | 15724 ||| UPGRADING to +0 hat of Indemnity {Str+5}.
 15734 | Lair:2   | 15734 ||| DROPPING +1 hat.
 15814 | Lair:3   | 15814 ||| INVOKING Berserk.
 15978 | Lair:3   | 15978 ||| Stepping ~*~*~tactically~*~*~ (stealth).
 15979 | Lair:3   | 15979 ||| Stepping ~*~*~tactically~*~*~ (stealth).
 15980 | Lair:3   | 15980 ||| INVOKING Berserk.
 16106 | Lair:3   | 16106 ||| Stepping ~*~*~tactically~*~*~ (stealth).
 16108 | Lair:3   | 16108 ||| Stepping ~*~*~tactically~*~*~ (stealth).
 16337 | Lair:3   | Noticed a seven-headed hydra
 16343 | Lair:3   | 16343 ||| INVOKING Berserk.
 16346 | Lair:3   | Killed a five-headed hydra
 16539 | Lair:3   | 16539 ||| Stepping ~*~*~tactically~*~*~ (stealth).
 16541 | Lair:3   | 16541 ||| Stepping ~*~*~tactically~*~*~ (stealth).
 16564 | Lair:3   | Reached XP level 13. HP: 92/118 MP: 12/12
 16757 | Lair:3   | Found a staircase to the Shoals.
 16839 | Lair:3   | 16839 ||| INVOKING Berserk.
 17294 | Lair:4   | 17294 ||| INVOKING Berserk.
 17372 | Lair:4   | 17372 ||| Stepping ~*~*~tactically~*~*~ (stealth).
 17381 | Lair:4   | 17381 ||| Stepping ~*~*~tactically~*~*~ (stealth).
 17382 | Lair:4   | 17382 ||| Stepping ~*~*~tactically~*~*~ (stealth).
 17639 | Lair:4   | 17639 ||| INVOKING Berserk.
 17643 | Lair:4   | Reached skill level 12 in Armour
 17857 | Lair:4   | 17857 ||| INVOKING Berserk.
 17921 | Lair:4   | 17921 ||| INVOKING Berserk.
 18033 | Lair:4   | 18033 ||| INVOKING Berserk.
 18304 | Lair:4   | 18304 ||| Stepping ~*~*~tactically~*~*~ (stealth).
 18319 | Lair:4   | 18319 ||| Stepping ~*~*~tactically~*~*~ (stealth).
 18362 | Lair:4   | 18362 ||| Stepping ~*~*~tactically~*~*~ (stealth).
 18617 | Lair:4   | 18617 ||| INVOKING Berserk.
 18641 | Lair:4   | 18641 ||| Stepping ~*~*~tactically~*~*~ (stealth).
 18648 | Lair:4   | 18648 ||| Stepping ~*~*~tactically~*~*~ (stealth).
 18655 | Lair:4   | 18655 ||| Stepping ~*~*~tactically~*~*~ (stealth).
 18663 | Lair:4   | 18663 ||| INVOKING Berserk.
 18814 | Lair:4   | 18814 ||| READING scroll labelled CYCAEG FOXTEZY.
 18846 | Lair:5   | Entered Level 5 of the Lair of Beasts
 18860 | Lair:5   | 18860 ||| Stepping ~*~*~tactically~*~*~ (stealth).
 18861 | Lair:5   | 18861 ||| Stepping ~*~*~tactically~*~*~ (stealth).
 18865 | Lair:5   | 18865 ||| Stepping ~*~*~tactically~*~*~ (stealth).
 18867 | Lair:5   | 18867 ||| Stepping ~*~*~tactically~*~*~ (stealth).
 18905 | Lair:5   | 18905 ||| FLEEEEING.
 18907 | Lair:5   | 18907 ||| STAIRDANCE
 19028 | Lair:5   | 19028 ||| Stepping ~*~*~tactically~*~*~ (stealth).
 19030 | Lair:5   | 19030 ||| Stepping ~*~*~tactically~*~*~ (stealth).
 19035 | Lair:5   | 19035 ||| Stepping ~*~*~tactically~*~*~ (stealth).
 19057 | Lair:5   | 19057 ||| INVOKING Berserk.
 19068 | Lair:5   | 19068 ||| Stepping ~*~*~tactically~*~*~ (stealth).
 19070 | Lair:5   | 19070 ||| Stepping ~*~*~tactically~*~*~ (stealth).
 19119 | Lair:5   | 19119 ||| Stepping ~*~*~tactically~*~*~ (stealth).
 19128 | Lair:5   | 19128 ||| Stepping ~*~*~tactically~*~*~ (stealth).
 19131 | Lair:5   | 19131 ||| Stepping ~*~*~tactically~*~*~ (stealth).
 19137 | Lair:5   | 19137 ||| INVOKING Berserk.
 19163 | Lair:5   | 19163 ||| Stepping ~*~*~tactically~*~*~ (cloud).
 19165 | Lair:5   | 19165 ||| Stepping ~*~*~tactically~*~*~ (cloud).
 19166 | Lair:5   | 19166 ||| Stepping ~*~*~tactically~*~*~ (cloud).
 19167 | Lair:5   | 19167 ||| Stepping ~*~*~tactically~*~*~ (cloud).
 19168 | Lair:5   | 19168 ||| Stepping ~*~*~tactically~*~*~ (cloud).
 19178 | Lair:5   | HP: 26/124 [blink frog (8)]
 19179 | Lair:5   | 19179 ||| READING 8 scrolls of teleportation.
 19180 | Lair:5   | 19180 ||| DRINKING 2 potions of heal wounds.
 19184 | Lair:5   | 19184 ||| INVOKING Trog's Hand.
 19194 | Lair:5   | 19194 ||| Stepping ~*~*~tactically~*~*~ (water).
 19206 | Lair:5   | Reached skill level 6 in Dodging
 19206 | Lair:5   | 19206 ||| INVOKING Berserk.
 19222 | Lair:5   | 19222 ||| Stepping ~*~*~tactically~*~*~ (stealth).
 19531 | Lair:5   | 19531 ||| READING scroll of enchant armour.
 19531 | Lair:5   | 19531 ||| ENCHANTING +0 plate armour.
 19572 | Lair:5   | 19572 ||| Stepping ~*~*~tactically~*~*~ (stealth).
 19573 | Lair:5   | 19573 ||| Stepping ~*~*~tactically~*~*~ (stealth).
 19667 | Lair:5   | 19667 ||| Stepping ~*~*~tactically~*~*~ (stealth).
 19710 | Lair:5   | 19710 ||| INVOKING Berserk.
 19736 | Lair:5   | Reached XP level 14. HP: 101/133 MP: 13/13
 19744 | Lair:5   | Reached skill level 15 in Fighting
 19746 | Lair:5   | 19746 ||| INVOKING Brothers in Arms.
 19747 | Lair:5   | 19747 ||| INVOKING Brothers in Arms.
 19748 | Lair:5   | 19748 ||| INVOKING Brothers in Arms.
 19754 | Lair:5   | 19754 ||| INVOKING Berserk.
 20053 | Lair:5   | 20053 ||| INVOKING Brothers in Arms.
 20056 | Lair:5   | Found a staircase to the Slime Pits.
 20059 | Lair:5   | 20059 ||| INVOKING Berserk.
 20345 | Lair:5   | 20345 ||| Stepping ~*~*~tactically~*~*~ (stealth).
 20346 | Lair:5   | 20346 ||| Stepping ~*~*~tactically~*~*~ (stealth).
 20534 | Lair:5   | 20534 ||| Stepping ~*~*~tactically~*~*~ (stealth).
 20536 | Lair:5   | 20536 ||| Stepping ~*~*~tactically~*~*~ (cloud).
 20541 | Lair:5   | 20541 ||| Stepping ~*~*~tactically~*~*~ (cloud).
 20984 | Lair:5   | 20984 ||| PLANNING D:1-11
 20984 | Lair:5   | 20984 ||| DROPPING +6 ring of dexterity.
 20985 | Lair:5   | 20985 ||| DROPPING +4 ring of slaying {mikee}.
 20986 | Lair:5   | 20986 ||| READING 6 scrolls of identify.
 20986 | Lair:5   | 20986 ||| IDENTIFYING sedimented grey potion
 20987 | Lair:5   | 20987 ||| DROPPING potion of invisibility.
 21341 | D:11     | 21341 ||| Stepping ~*~*~tactically~*~*~ (hiding).
 21343 | D:11     | 21343 ||| Stepping ~*~*~tactically~*~*~ (hiding).
 21344 | D:11     | 21344 ||| Stepping ~*~*~tactically~*~*~ (hiding).
 21345 | D:11     | 21345 ||| INVOKING Berserk.
 21368 | D:11     | 21368 ||| Stepping ~*~*~tactically~*~*~ (stealth).
 21403 | D:11     | 21403 ||| FLEEEEING.
 21405 | D:11     | 21405 ||| FLEEEEING.
 21499 | D:11     | Found a staircase to the Orcish Mines.
 21542 | D:11     | 21542 ||| Stepping ~*~*~tactically~*~*~ (stealth).
 21544 | D:11     | 21544 ||| Stepping ~*~*~tactically~*~*~ (stealth).
 22024 | D:11     | 22024 ||| PLANNING D
 22024 | D:11     | 22024 ||| READING scroll labelled GIWKI SOBAL.
 22168 | D:12     | 22168 ||| STAIRDANCE
 22238 | D:12     | 22238 ||| Stepping ~*~*~tactically~*~*~ (stealth).
 22243 | D:12     | 22243 ||| Stepping ~*~*~tactically~*~*~ (stealth).
 22249 | D:12     | Reached skill level 3 in Throwing
 22306 | D:12     | 22306 ||| INVOKING Berserk.
 22435 | D:12     | 22435 ||| Stepping ~*~*~tactically~*~*~ (hiding).
 22436 | D:12     | 22436 ||| Stepping ~*~*~tactically~*~*~ (hiding).
 22663 | D:12     | Noticed Nissa's ghost (journeyman MiFi)
 22671 | D:12     | Found a runed translucent door.
 22777 | D:12     | Reached skill level 15 in Shields
 22929 | D:12     | 22929 ||| INVOKING Trog's Hand.
 22931 | D:12     | Found the -2 hat of the Alchemist {rElec rPois rF+ rC+ rN+
                  | Will+ rMut rCorr}
 22959 | D:12     | 22959 ||| Stepping ~*~*~tactically~*~*~ (hiding).
 22960 | D:12     | 22960 ||| Stepping ~*~*~tactically~*~*~ (hiding).
 22964 | D:12     | 22964 ||| Stepping ~*~*~tactically~*~*~ (hiding).
 22969 | D:12     | 22969 ||| INVOKING Trog's Hand.
 22988 | D:12     | Identified the ring "Idwoiniovo" {Fire rN+ Dex+2}
 23073 | D:12     | 23073 ||| INVOKING Berserk.
 23581 | D:12     | 23581 ||| DROPPING scarf of invisibility.
 23582 | D:12     | 23582 ||| UPGRADING to -2 hat of the Alchemist {rElec rPois
                  | rF+ rC+ rN+ Will+ rMut rCorr}.
 23592 | D:12     | 23592 ||| REMOVING ring of poison resistance.
 23593 | D:12     | 23593 ||| UPGRADING to ring "Idwoiniovo" {Fire rN+ Dex+2}.
 23594 | D:12     | 23594 ||| UPGRADING to +4 ring of evasion.
 23620 | D:13     | 23620 ||| INVOKING Berserk.
 23799 | D:13     | 23799 ||| INVOKING Berserk.
 23927 | D:13     | 23927 ||| INVOKING Berserk.
 24082 | D:13     | 24082 ||| Stepping ~*~*~tactically~*~*~ (hiding).
 24104 | D:13     | 24104 ||| Stepping ~*~*~tactically~*~*~ (hiding).
 24107 | D:13     | 24107 ||| Stepping ~*~*~tactically~*~*~ (hiding).
 24109 | D:13     | 24109 ||| Stepping ~*~*~tactically~*~*~ (hiding).
 24111 | D:13     | 24111 ||| Stepping ~*~*~tactically~*~*~ (hiding).
 24113 | D:13     | 24113 ||| Stepping ~*~*~tactically~*~*~ (hiding).
 24115 | D:13     | 24115 ||| Stepping ~*~*~tactically~*~*~ (hiding).
 24151 | D:13     | 24151 ||| Stepping ~*~*~tactically~*~*~ (stealth).
 24248 | D:13     | Found a gate to the Vaults.
 24263 | D:13     | 24263 ||| READING scroll of enchant armour.
 24263 | D:13     | 24263 ||| ENCHANTING +1 plate armour.
 24277 | D:13     | 24277 ||| Stepping ~*~*~tactically~*~*~ (stealth).
 24300 | D:13     | 24300 ||| INVOKING Berserk.
 24335 | D:13     | 24335 ||| Stepping ~*~*~tactically~*~*~ (cloud).
 24338 | D:13     | 24338 ||| Stepping ~*~*~tactically~*~*~ (cloud).
 24342 | D:13     | 24342 ||| Stepping ~*~*~tactically~*~*~ (cloud).
 24343 | D:13     | 24343 ||| Stepping ~*~*~tactically~*~*~ (cloud).
 24344 | D:13     | 24344 ||| Stepping ~*~*~tactically~*~*~ (cloud).
 24348 | D:13     | Reached skill level 15 in Armour
 24428 | D:13     | 24428 ||| INVOKING Berserk.
 24505 | D:13     | Found a hide-covered altar of Uskayaw.
 24554 | D:13     | Noticed Rupert
 24555 | D:13     | 24555 ||| INVOKING Trog's Hand.
 24560 | D:13     | 24560 ||| INVOKING Berserk.
 24566 | D:13     | Killed Rupert
 24745 | D:13     | 24745 ||| Stepping ~*~*~tactically~*~*~ (stealth).
 24746 | D:13     | 24746 ||| INVOKING Berserk.
 24835 | D:13     | 24835 ||| INVOKING Berserk.
 24973 | D:13     | 24973 ||| INVOKING Berserk.
 25138 | D:13     | 25138 ||| INVOKING Berserk.
 25288 | D:13     | 25288 ||| INVOKING Berserk.
 25503 | D:14     | 25503 ||| Stepping ~*~*~tactically~*~*~ (hiding).
 25555 | D:14     | 25555 ||| Stepping ~*~*~tactically~*~*~ (stealth).
 25645 | D:14     | 25645 ||| Stepping ~*~*~tactically~*~*~ (hiding).
 25645 | D:14     | Noticed Snorg
 25646 | D:14     | 25646 ||| Stepping ~*~*~tactically~*~*~ (hiding).
 25649 | D:14     | 25649 ||| Stepping ~*~*~tactically~*~*~ (stealth).
 25650 | D:14     | 25650 ||| INVOKING Berserk.
 25654 | D:14     | Killed Snorg
 25655 | D:14     | Reached XP level 15. HP: 147/147 MP: 14/14
 25748 | D:14     | Noticed Nessos
 25749 | D:14     | 25749 ||| Stepping ~*~*~tactically~*~*~ (hiding).
 25765 | D:14     | Killed Nessos
 25837 | D:14     | Found a radiant altar of Vehumet.
 25884 | D:14     | Found a large runed translucent door.
 25885 | D:14     | Found a large runed translucent door.
 25889 | D:14     | Noticed Kapsuk's ghost (journeyman DECj)
 26149 | D:14     | 26149 ||| FLEEEEING.
 26152 | D:14     | 26152 ||| FLEEEEING.
 26154 | D:14     | 26154 ||| FLEEEEING.
 26199 | D:14     | Identified the ring "Nueshrac" {Fly rF+ Will+ Str+3}
 26300 | D:14     | 26300 ||| UPGRADING to ring "Nueshrac" {Fly rF+ Will+
                  | Str+3}.
 26302 | D:14     | 26302 ||| DROPPING ring of fire.
 26317 | D:15     | Entered Level 15 of the Dungeon
 26361 | D:15     | Found a shadowy altar of Dithmenos.
 26369 | D:15     | 26369 ||| DROPPING +0 war axe of freezing.
 26430 | D:15     | 26430 ||| Stepping ~*~*~tactically~*~*~ (hiding).
 26432 | D:15     | 26432 ||| Stepping ~*~*~tactically~*~*~ (stealth).
 26449 | D:15     | 26449 ||| FLEEEEING.
 26470 | D:15     | 26470 ||| FLEEEEING.
 26471 | D:15     | 26471 ||| FLEEEEING.
 26508 | D:15     | 26508 ||| FLEEEEING.
 26509 | D:15     | 26509 ||| FLEEEEING.
 26702 | D:15     | 26702 ||| INVOKING Berserk.
 26815 | D:15     | 26815 ||| SWAPPING to +0 broad axe.
 26854 | D:15     | 26854 ||| Stepping ~*~*~tactically~*~*~ (hiding).
 26856 | D:15     | 26856 ||| Stepping ~*~*~tactically~*~*~ (hiding).
 26858 | D:15     | 26858 ||| Stepping ~*~*~tactically~*~*~ (hiding).
 26859 | D:15     | 26859 ||| Stepping ~*~*~tactically~*~*~ (hiding).
 26860 | D:15     | 26860 ||| Stepping ~*~*~tactically~*~*~ (hiding).
 26970 | D:15     | 26970 ||| Stepping ~*~*~tactically~*~*~ (stealth).
 27055 | D:15     | 27055 ||| FLEEEEING.
 27060 | D:15     | 27060 ||| FLEEEEING.
 27061 | D:15     | 27061 ||| FLEEEEING.
 27062 | D:15     | 27062 ||| FLEEEEING.
 27063 | D:15     | 27063 ||| FLEEEEING.
 27064 | D:15     | 27064 ||| FLEEEEING.
 27065 | D:15     | 27065 ||| FLEEEEING.
 27066 | D:15     | 27066 ||| FLEEEEING.
 27067 | D:15     | 27067 ||| FLEEEEING.
 27068 | D:15     | 27068 ||| FLEEEEING.
 27069 | D:15     | 27069 ||| FLEEEEING.
 27070 | D:15     | 27070 ||| FLEEEEING.
 27071 | D:15     | 27071 ||| FLEEEEING.
 27072 | D:15     | 27072 ||| FLEEEEING.
 27073 | D:15     | 27073 ||| FLEEEEING.
 27074 | D:15     | 27074 ||| FLEEEEING.
 27075 | D:15     | 27075 ||| FLEEEEING.
 27076 | D:15     | 27076 ||| FLEEEEING.
 27077 | D:15     | 27077 ||| FLEEEEING.
 27078 | D:15     | 27078 ||| FLEEEEING.
 27079 | D:15     | 27079 ||| FLEEEEING.
 27080 | D:15     | 27080 ||| FLEEEEING.
 27081 | D:15     | 27081 ||| FLEEEEING.
 27082 | D:15     | 27082 ||| FLEEEEING.
 27083 | D:15     | 27083 ||| FLEEEEING.
 27084 | D:15     | 27084 ||| FLEEEEING.
 27085 | D:15     | 27085 ||| FLEEEEING.
 27086 | D:15     | 27086 ||| FLEEEEING.
 27087 | D:15     | 27087 ||| STAIRDANCE
 27111 | D:15     | 27111 ||| STAIRDANCE
 27206 | D:15     | 27206 ||| STAIRDANCE
 27264 | D:15     | 27264 ||| STAIRDANCE
 27327 | D:15     | 27327 ||| STAIRDANCE
 27329 | D:14     | 27329 ||| INVOKING Berserk.
 27427 | D:15     | 27427 ||| INVOKING Berserk.
 27676 | D:15     | Found a staircase to the Depths.
 27858 | D:15     | 27858 ||| PLANNING ORC
 27858 | D:15     | 27858 ||| DROPPING +2 pair of gloves.
 27964 | Orc:1    | Entered Level 1 of the Orcish Mines
 27965 | Orc:1    | 27965 ||| Stepping ~*~*~tactically~*~*~ (hiding).
 27966 | Orc:1    | 27966 ||| Stepping ~*~*~tactically~*~*~ (hiding).
 27967 | Orc:1    | 27967 ||| Stepping ~*~*~tactically~*~*~ (hiding).
 27971 | Orc:1    | 27971 ||| INVOKING Trog's Hand.
 27979 | Orc:1    | 27979 ||| INVOKING Berserk.
 28219 | Orc:1    | 28219 ||| Stepping ~*~*~tactically~*~*~ (stealth).
 28223 | Orc:1    | 28223 ||| Stepping ~*~*~tactically~*~*~ (hiding).
 28224 | Orc:1    | 28224 ||| Stepping ~*~*~tactically~*~*~ (hiding).
 28237 | Orc:1    | 28237 ||| Stepping ~*~*~tactically~*~*~ (stealth).
 28244 | Orc:1    | 28244 ||| Stepping ~*~*~tactically~*~*~ (stealth).
 28245 | Orc:1    | 28245 ||| Stepping ~*~*~tactically~*~*~ (stealth).
 28514 | Orc:2    | Entered Level 2 of the Orcish Mines
 28514 | Orc:2    | Noticed Maurice
 28552 | Orc:2    | Killed Maurice
 28795 | Orc:2    | Found a staircase to the Elven Halls.
 28849 | Orc:2    | Received a gift from Trog
 28850 | Orc:2    | 28850 ||| INVOKING Trog's Hand.
 28857 | Orc:2    | 28857 ||| INVOKING Berserk.
 28881 | Orc:2    | 28881 ||| INVOKING Brothers in Arms.
 28882 | Orc:2    | 28882 ||| INVOKING Brothers in Arms.
 28886 | Orc:2    | Found Ikauk's Book Emporium.
 28886 | Orc:2    | Found Apticw's General Store.
 28887 | Orc:2    | 28887 ||| INVOKING Trog's Hand.
 28891 | Orc:2    | Found Seajen's Book Shoppe.
 29013 | Orc:2    | 29013 ||| FLEEEEING.
 29014 | Orc:2    | 29014 ||| FLEEEEING.
 29015 | Orc:2    | 29015 ||| FLEEEEING.
 29023 | Orc:2    | 29023 ||| FLEEEEING.
 29024 | Orc:2    | 29024 ||| FLEEEEING.
 29025 | Orc:2    | 29025 ||| FLEEEEING.
 29030 | Orc:2    | 29030 ||| FLEEEEING.
 29031 | Orc:2    | 29031 ||| FLEEEEING.
 29032 | Orc:2    | 29032 ||| FLEEEEING.
 29033 | Orc:2    | 29033 ||| FLEEEEING.
 29034 | Orc:2    | 29034 ||| FLEEEEING.
 29035 | Orc:2    | 29035 ||| FLEEEEING.
 29036 | Orc:2    | 29036 ||| FLEEEEING.
 29037 | Orc:2    | 29037 ||| FLEEEEING.
 29038 | Orc:2    | 29038 ||| FLEEEEING.
 29039 | Orc:2    | 29039 ||| STAIRDANCE
 29158 | Orc:2    | Found Laesch's Distillery.
 29162 | Orc:2    | 29162 ||| BUYING potion of heal wounds (75 gold).
 29162 | Orc:2    | Bought a potion of heal wounds for 75 gold pieces
 29162 | Orc:2    | 29162 ||| BUYING potion of mutation (120 gold).
 29162 | Orc:2    | Bought a potion of mutation for 120 gold pieces
 29162 | Orc:2    | 29162 ||| BUYING potion of mutation (120 gold).
 29162 | Orc:2    | Bought a potion of mutation for 120 gold pieces
 29162 | Orc:2    | 29162 ||| BUYING potion of mutation (120 gold).
 29162 | Orc:2    | Bought a potion of mutation for 120 gold pieces
 29164 | Orc:2    | 29164 ||| BUYING potion of curing (45 gold).
 29164 | Orc:2    | Bought a potion of curing for 45 gold pieces
 29164 | Orc:2    | 29164 ||| BUYING scroll of identify (30 gold).
 29164 | Orc:2    | Bought a scroll of identify for 30 gold pieces
 29175 | Orc:2    | 29175 ||| Stepping ~*~*~tactically~*~*~ (stealth).
 29197 | Orc:2    | Noticed Urug
 29199 | Orc:2    | 29199 ||| Stepping ~*~*~tactically~*~*~ (hiding).
 29202 | Orc:2    | 29202 ||| INVOKING Berserk.
 29207 | Orc:2    | Killed Urug
 29271 | Orc:2    | Noticed Josephine
 29288 | Orc:2    | Killed Josephine
 29518 | Orc:2    | 29518 ||| PLANNING SHOALS:1-3
 29650 | Shoals:1 | Entered Level 1 of the Shoals
 29650 | Shoals:1 | Found Gaute's Overcharged Wands.
 29653 | Shoals:1 | 29653 ||| INVOKING Berserk.
 29782 | Shoals:1 | 29782 ||| INVOKING Trog's Hand.
 29786 | Shoals:1 | 29786 ||| INVOKING Berserk.
 29812 | Shoals:1 | Reached skill level 18 in Axes
 29900 | Shoals:1 | 29900 ||| INVOKING Berserk.
 29972 | Shoals:1 | 29972 ||| BUYING wand of digging (11) (693 gold).
 29972 | Shoals:1 | Bought a wand of digging (11) for 693 gold pieces
 29972 | Shoals:1 | 29972 ||| BUYING wand of digging (11) (693 gold).
 29972 | Shoals:1 | Bought a wand of digging (11) for 693 gold pieces
 30107 | Shoals:1 | Noticed Jorgrun
 30112 | Shoals:1 | 30112 ||| INVOKING Berserk.
 30124 | Shoals:1 | Killed Jorgrun
 30125 | Shoals:1 | Reached skill level 6 in Throwing
 30249 | Shoals:1 | 30249 ||| INVOKING Berserk.
 30660 | Shoals:1 | 30660 ||| INVOKING Berserk.
 30756 | Shoals:1 | 30756 ||| Stepping ~*~*~tactically~*~*~ (stealth).
 30815 | Shoals:1 | 30815 ||| Stepping ~*~*~tactically~*~*~ (hiding).
 30918 | Shoals:1 | 30918 ||| Stepping ~*~*~tactically~*~*~ (hiding).
 31057 | Shoals:1 | 31057 ||| Stepping ~*~*~tactically~*~*~ (hiding).
 31059 | Shoals:1 | 31059 ||| Stepping ~*~*~tactically~*~*~ (hiding).
 31059 | Shoals:1 | Found a transporter.
 31062 | Shoals:1 | 31062 ||| INVOKING Trog's Hand.
 31077 | Shoals:1 | 31077 ||| INVOKING Berserk.
 31092 | Shoals:1 | Noticed Glennnyy's ghost (adept GrFi)
 31162 | Shoals:1 | Found a bloodstained altar of Trog.
 31488 | Shoals:1 | Found a transporter.
 31513 | Shoals:1 | 31513 ||| DROPPING ring of positive energy.
 31523 | Shoals:2 | 31523 ||| INVOKING Berserk.
 31664 | Shoals:2 | 31664 ||| INVOKING Trog's Hand.
 31672 | Shoals:2 | Reached XP level 16. HP: 131/155 MP: 15/15
 31674 | Shoals:2 | 31674 ||| INVOKING Trog's Hand.
 31675 | Shoals:2 | 31675 ||| INVOKING Berserk.
 31704 | Shoals:2 | Reached skill level 9 in Throwing
 31704 | Shoals:2 | 31704 ||| FLEEEEING.
 31777 | Shoals:2 | Found a runed translucent door.
 31788 | Shoals:2 | Found a corrupted altar of Lugonu.
 31790 | Shoals:2 | Found a one-way gate to the infinite horrors of the Abyss.
 31818 | Shoals:2 | 31818 ||| Stepping ~*~*~tactically~*~*~ (hiding).
 31932 | Shoals:2 | Found Rixon's Antique Weapon Shoppe.
 32548 | Shoals:2 | 32548 ||| READING 11 scrolls of identify.
 32548 | Shoals:2 | 32548 ||| IDENTIFYING murky black potion
 32572 | Shoals:3 | 32572 ||| INVOKING Trog's Hand.
 32589 | Shoals:3 | 32589 ||| INVOKING Berserk.
 32744 | Shoals:3 | 32744 ||| INVOKING Berserk.
 32986 | Shoals:3 | 32986 ||| FLEEEEING.
 32988 | Shoals:3 | 32988 ||| STAIRDANCE
 33121 | Shoals:2 | 33121 ||| DROPPING +6 ring of intelligence.
 33702 | Shoals:3 | 33702 ||| INVOKING Trog's Hand.
 34057 | Shoals:3 | 34057 ||| Stepping ~*~*~tactically~*~*~ (hiding).
 34111 | Shoals:3 | 34111 ||| INVOKING Berserk.
 34307 | Shoals:3 | 34307 ||| PLANNING SNAKE:1-3
 34307 | Shoals:3 | 34307 ||| DROPPING amulet of magic regeneration.
 34411 | Snake:1  | Entered Level 1 of the Snake Pit
 34416 | Snake:1  | 34416 ||| Stepping ~*~*~tactically~*~*~ (hiding).
 34426 | Snake:1  | 34426 ||| INVOKING Berserk.
 34570 | Snake:1  | Noticed Aizul
 34571 | Snake:1  | 34571 ||| INVOKING Trog's Hand.
 34574 | Snake:1  | 34574 ||| INVOKING Berserk.
 34586 | Snake:1  | Killed Aizul
 34695 | Snake:1  | 34695 ||| Stepping ~*~*~tactically~*~*~ (stealth).
 34994 | Snake:1  | 34994 ||| Stepping ~*~*~tactically~*~*~ (stealth).
 35030 | Snake:1  | 35030 ||| Stepping ~*~*~tactically~*~*~ (stealth).
 35068 | Snake:1  | 35068 ||| Stepping ~*~*~tactically~*~*~ (stealth).
 35071 | Snake:1  | 35071 ||| Stepping ~*~*~tactically~*~*~ (stealth).
 35922 | Snake:1  | 35922 ||| UPGRADING to +2 kite shield.
 35932 | Snake:1  | 35932 ||| DROPPING +0 kite shield.
 36019 | Snake:2  | 36019 ||| Stepping ~*~*~tactically~*~*~ (hiding).
 36150 | Snake:2  | 36150 ||| Stepping ~*~*~tactically~*~*~ (hiding).
 36163 | Snake:2  | 36163 ||| Stepping ~*~*~tactically~*~*~ (hiding).
 36236 | Snake:2  | 36236 ||| Stepping ~*~*~tactically~*~*~ (hiding).
 36478 | Snake:2  | 36478 ||| INVOKING Berserk.
 36481 | Snake:2  | Reached skill level 18 in Fighting
 36512 | Snake:2  | 36512 ||| FLEEEEING.
 36513 | Snake:2  | 36513 ||| FLEEEEING.
 36514 | Snake:2  | 36514 ||| FLEEEEING.
 36515 | Snake:2  | 36515 ||| FLEEEEING.
 36516 | Snake:2  | 36516 ||| FLEEEEING.
 36517 | Snake:2  | 36517 ||| FLEEEEING.
 36518 | Snake:2  | 36518 ||| FLEEEEING.
 36528 | Snake:2  | 36528 ||| FLEEEEING.
 36529 | Snake:2  | 36529 ||| FLEEEEING.
 36530 | Snake:2  | 36530 ||| FLEEEEING.
 36531 | Snake:2  | 36531 ||| FLEEEEING.
 36532 | Snake:2  | 36532 ||| FLEEEEING.
 36546 | Snake:2  | 36546 ||| FLEEEEING.
 36547 | Snake:2  | 36547 ||| FLEEEEING.
 36548 | Snake:2  | 36548 ||| FLEEEEING.
 36549 | Snake:2  | 36549 ||| FLEEEEING.
 36550 | Snake:2  | 36550 ||| FLEEEEING.
 36564 | Snake:2  | 36564 ||| FLEEEEING.
 36573 | Snake:2  | 36573 ||| STAIRDANCE
 36762 | Snake:2  | 36762 ||| Stepping ~*~*~tactically~*~*~ (hiding).
 36999 | Snake:2  | 36999 ||| Stepping ~*~*~tactically~*~*~ (hiding).
 37000 | Snake:2  | 37000 ||| Stepping ~*~*~tactically~*~*~ (hiding).
 37074 | Snake:2  | 37074 ||| Stepping ~*~*~tactically~*~*~ (hiding).
 37078 | Snake:2  | 37078 ||| Stepping ~*~*~tactically~*~*~ (hiding).
 37232 | Snake:2  | 37232 ||| Stepping ~*~*~tactically~*~*~ (hiding).
 37233 | Snake:2  | 37233 ||| Stepping ~*~*~tactically~*~*~ (hiding).
 37238 | Snake:2  | 37238 ||| Stepping ~*~*~tactically~*~*~ (hiding).
 37241 | Snake:2  | Noticed Frances
 37242 | Snake:2  | 37242 ||| INVOKING Brothers in Arms.
 37249 | Snake:2  | 37249 ||| INVOKING Berserk.
 37275 | Snake:2  | 37275 ||| INVOKING Brothers in Arms.
 37279 | Snake:2  | HP: 28/157 [naga warrior/+1 glaive of flaming (13)]
 37280 | Snake:2  | 37280 ||| READING 15 scrolls of teleportation.
 37280 | Snake:2  | HP: 6/157 [naga warrior/+1 glaive of flaming (21)]
 37281 | Snake:2  | 37281 ||| DRINKING 2 potions of heal wounds.
 37282 | Snake:2  | 37282 ||| DRINKING potion of heal wounds.
 37288 | Snake:2  | 37288 ||| READING 14 scrolls of teleportation.
 37294 | Snake:2  | 37294 ||| READING 13 scrolls of teleportation.
 37297 | Snake:2  | HP: 13/157 [Frances/iron shot (23)]
 37726 | Snake:2  | Noticed Azrael
 37736 | Snake:2  | 37736 ||| INVOKING Berserk.
 37743 | Snake:2  | Killed Azrael
 38025 | Snake:2  | Found Zotitz's Magic Scroll Emporium.
 38027 | Snake:2  | Found Biegg's Distillery.
 38027 | Snake:2  | Found Wasusuap's Weapon Boutique.
 38042 | Snake:2  | Found Lifriugo's Jewellery Emporium.
 38044 | Snake:2  | Found Tiovvuwn's General Store.
 38044 | Snake:2  | Found Qiusmueq's Assorted Antiques.
 38270 | Snake:2  | 38270 ||| SHOPLISTING amulet "Nux Udgh" {rPois Regen+
                  | Int+3} (902 gold, have 686).
 38270 | Snake:2  | 38270 ||| BUYING amulet of regeneration (570 gold).
 38270 | Snake:2  | Bought an amulet of regeneration for 570 gold pieces
 38275 | Snake:2  | 38275 ||| SHOPLISTING warped ruby amulet (170 gold, have
                  | 116).
 38289 | Snake:2  | 38289 ||| BUYING potion of curing (39 gold).
 38289 | Snake:2  | Bought a potion of curing for 39 gold pieces
 38289 | Snake:2  | 38289 ||| SHOPLISTING potion of mutation (104 gold, have
                  | 77).
 38339 | Snake:2  | 38339 ||| Stepping ~*~*~tactically~*~*~ (hiding).
 38341 | Snake:2  | 38341 ||| Stepping ~*~*~tactically~*~*~ (hiding).
 38344 | Snake:2  | 38344 ||| Stepping ~*~*~tactically~*~*~ (hiding).
 38345 | Snake:2  | 38345 ||| Stepping ~*~*~tactically~*~*~ (hiding).
 38347 | Snake:2  | 38347 ||| Stepping ~*~*~tactically~*~*~ (hiding).
 38348 | Snake:2  | 38348 ||| Stepping ~*~*~tactically~*~*~ (hiding).
 38363 | Snake:2  | 38363 ||| Stepping ~*~*~tactically~*~*~ (stealth).
 38365 | Snake:2  | 38365 ||| Stepping ~*~*~tactically~*~*~ (hiding).
 38441 | Snake:2  | Noticed Louise
 38442 | Snake:2  | 38442 ||| Stepping ~*~*~tactically~*~*~ (hiding).
 38444 | Snake:2  | 38444 ||| Stepping ~*~*~tactically~*~*~ (hiding).
 38446 | Snake:2  | 38446 ||| INVOKING Trog's Hand.
 38449 | Snake:2  | 38449 ||| INVOKING Berserk.
 38466 | Snake:2  | 38466 ||| Stepping ~*~*~tactically~*~*~ (hiding).
 38471 | Snake:2  | Killed Louise
 38582 | Snake:2  | 38582 ||| Stepping ~*~*~tactically~*~*~ (stealth).
 38584 | Snake:2  | 38584 ||| Stepping ~*~*~tactically~*~*~ (stealth).
 38587 | Snake:2  | 38587 ||| Stepping ~*~*~tactically~*~*~ (hiding).
 38588 | Snake:2  | 38588 ||| Stepping ~*~*~tactically~*~*~ (hiding).
 38590 | Snake:2  | 38590 ||| INVOKING Berserk.
 38604 | Snake:2  | Killed Frances
 38673 | Snake:2  | 38673 ||| Stepping ~*~*~tactically~*~*~ (stealth).
 38972 | Snake:2  | 38972 ||| UPGRADING to +0 tower shield.
 38982 | Snake:2  | 38982 ||| DROPPING +2 kite shield.
 38983 | Snake:2  | 38983 ||| UPGRADING to amulet of regeneration.
 38999 | Snake:3  | 38999 ||| INVOKING Berserk.
 39288 | Snake:3  | Identified the amulet "Noapn" {rN+ Regen+ Dex-3 SInv}
 39380 | Snake:3  | 39380 ||| READING scroll of enchant armour.
 39380 | Snake:3  | 39380 ||| ENCHANTING +2 plate armour.
 39612 | Snake:3  | 39612 ||| Stepping ~*~*~tactically~*~*~ (hiding).
 39638 | Snake:3  | 39638 ||| Stepping ~*~*~tactically~*~*~ (stealth).
 39655 | Snake:3  | Reached XP level 17. HP: 149/163 MP: 16/16
 39696 | Snake:3  | 39696 ||| Stepping ~*~*~tactically~*~*~ (stealth).
 39869 | Snake:3  | Noticed Agnes
 39870 | Snake:3  | 39870 ||| INVOKING Brothers in Arms.
 39871 | Snake:3  | 39871 ||| INVOKING Brothers in Arms.
 39872 | Snake:3  | 39872 ||| INVOKING Brothers in Arms.
 39873 | Snake:3  | 39873 ||| INVOKING Berserk.
 39877 | Snake:3  | Killed Agnes
 39987 | Snake:3  | 39987 ||| READING scroll of brand weapon.
 39987 | Snake:3  | 39987 ||| BRANDING +0 broad axe.
 40274 | Snake:3  | 40274 ||| Stepping ~*~*~tactically~*~*~ (hiding).
 40771 | Snake:3  | Reached skill level 18 in Shields
 40776 | Snake:3  | Found Juivvesm's Book Boutique.
 40777 | Snake:3  | Found Piot's Jewellery Shoppe.
 40778 | Snake:3  | Found Zewibi's Book Boutique.
 40786 | Snake:3  | 40786 ||| SHOPLISTING ring of the Bright God {rElec rPois
                  | Str+2 SInv} (374 gold, have 170).
 40788 | Snake:3  | 40788 ||| PLANNING SHOALS:4
 40788 | Snake:3  | 40788 ||| DROPPING +4 scale mail of fire resistance.
 40789 | Snake:3  | 40789 ||| DROPPING +3 chain mail.
 40790 | Snake:3  | 40790 ||| UPGRADING to amulet "Noapn" {rN+ Regen+ Dex-3
                  | SInv}.
 40979 | Shoals:4 | Entered Level 4 of the Shoals
 41004 | Shoals:4 | 41004 ||| INVOKING Berserk.
 41008 | Shoals:4 | HP: 58/244 [snapping turtle (13)]
 41015 | Shoals:4 | HP: 27/244 [faun/+0 spear (8)]
 41020 | Shoals:4 | HP: 22/244 [merfolk javelineer/javelin (2)]
 41024 | Shoals:4 | HP: 8/244 [merfolk impaler/+2 trident of protection (14)]
 41024 | Shoals:4 | Mangled by a snapping turtle

Levels and vault maps discovered:
D:1:      scummos_arrival_simple_crosswalls, layout_basic
D:2:      layout_loops_ring, st_stairs_14
D:3:      layout_loops_corners, lemuel_tele_altar, amcnicky_altar_gilded,
          gammafunk_ghost_arena, dreamdust_ecumenical_altar_grove,
          minmay_crystal_room
D:4:      layout_loops_corners, ebering_ghost_sewer_f, serial_bayou_pond_a,
          chequers_serial_rivers_micro_d, minmay_goblin_outpost, uniq_menkaure
D:5:      layout_basic, portal_sewer_entry_e, kennysheep_generic_room_3
D:6:      layout_basic, grunt_temple_overflow_open, minmay_door_square
D:7:      layout_loops_corners, temple_green, serial_shops,
          nicolae_shop_bloodbath_and_beyond, minmay_manual_monstrance
D:8:      layout_rooms
D:9:      hangedman_cross_stitches, layout_layer_cave, marbit_many_paths,
          st_stairs_12, hangedman_decor_diamond_cutter, minivault_13
D:10:     layout_roguey, minmay_lair_entry_grove, nrook_loot_triangle,
          st_stairs_7, amcnicky_mini_pool_small
D:11:     layout_basic, erik_orc_4, chequers_arboretum
D:12:     cheibrodos_wizards_tower, layout_long_grid, hellmonk_ghost_big_iron
D:13:     layout_cave_pools, david_vaults_2,
          hangedman_abyss_or_decor_jellyfish_corner, minmay_ruined_shrine,
          uniq_rupert
D:14:     layout_long_grid, ebering_ghost_disaster_area,
          nicolae_vehumet_radiance, kennysheep_inner_square, uniq_snorg,
          uniq_nessos
D:15:     hangedman_depths_entry_civil_slaughter, layout_small_grid,
          nicolae_dithmenos_the_darkroom, minmay_statues_item
Lair:1:   minmay_lair_venomous_thicket, layout_gridlike, grunt_megastairs_4
Lair:2:   layout_small_grid, minmay_snake_entry_six_corridors, basic_altar,
          serial_bayou_shore_b, infiniplex_staircase_pool, grunt_megastairs_5
Lair:3:   layout_regular_city, elwin_shoals_entry_rocks, hibernation_bobbens
Lair:4:   layout_gridlike
Lair:5:   gammafunk_lair_ancient_temple, layout_cave_pods,
          minmay_slime_entry_oklob_open, grunt_forest_large_clearings,
          lemuel_fruit_tree
Shoals:1: layout_shoals, gammafunk_ghost_wrathful_warriors,
          nicolae_shop_overcharged_wands, uniq_jorgrun
Shoals:2: layout_shoals, serial_shops, shop, nicolae_shoals_abyss_on_the_beach
Shoals:3: layout_shoals
Shoals:4: shoals_end_grunt_garden, layout_shoals
Snake:1:  layout_chambers, uniq_aizul
Snake:2:  layout_onion, portal_ice_cave_entry_ugly_swarm,
          nicolae_snake_serpentine_bazaar, uniq_frances, uniq_azrael,
          uniq_louise
Snake:3:  layout_basic, serial_bayou_shore_b, minmay_shop_grove,
          nicolae_triple_integral, uniq_agnes
Orc:1:    layout_caves
Orc:2:    st_orc_mages, layout_caves, uniq_urug, uniq_josephine, uniq_maurice

Skill      XL: |  1  2  3  4  5  6  7  8  9 10 11 12 13 14 15 16 17 |
---------------+----------------------------------------------------+-----
Axes           | 4 5 6 7 8 9 10 12 14 16 18 | 18.0
Fighting       | 4 6 7 9 10 12 14 17 18 | 18.0
Armour         | 3 4 6 9 11 13 15 17 | 17.0
Throwing       | 1 2 3 8 10 | 10.0
Shields        | 2 10 13 14 15 16 18 | 18.3
Dodging        | 3 4 6 7 8 |  8.0

Action                   |  1- 3 |  4- 6 |  7- 9 | 10-12 | 13-15 | 16-18 || total
-------------------------+-------+-------+-------+-------+-------+-------++-------
Melee: Hand axe          |    83 |    46 |       |       |       |       ||   129
       Headbutt          |     9 |    13 |    35 |   108 |   264 |   162 ||   591
       War axe           |       |    52 |   276 |   484 |   700 |       ||  1512
       Punch             |       |       |     3 |       |       |       ||     3
       Broad axe         |       |       |       |       |   376 |   678 ||  1054
Throw: Boomerang         |       |       |    45 |    99 |   157 |       ||   301
       Javelin           |       |       |       |       |    10 |    22 ||    32
Invok: Berserk           |     2 |     2 |     8 |    17 |    43 |    14 ||    86
       Brothers in Arms  |       |       |       |     1 |     3 |     3 ||     7
       Trog's Hand       |       |       |       |       |    10 |     5 ||    15
  Use: Scroll            |     4 |     4 |    10 |     6 |     6 |     6 ||    36
       Potion            |     1 |     1 |     4 |     4 |     1 |     2 ||    13
 Stab: Distracted        |       |       |       |     1 |       |     1 ||     2
       Petrified         |       |       |       |       |     6 |       ||     6
       Petrifying        |       |       |       |       |     3 |       ||     3
Armor: Animal skin       |     9 |       |       |       |       |       ||     9
       Chain mail        |     3 |    42 |   166 |    75 |       |       ||   286
       Plate armour      |       |       |       |   208 |   523 |   300 ||  1031
Dodge: Dodged            |    43 |    21 |   115 |   117 |   303 |   187 ||   786
Block: Kite shield       |       |       |       |   241 |   566 |   348 ||  1155
       Tower shield      |       |       |       |       |       |   202 ||   202

Table legend:
 A = Non-vault XP
 B = Vault XP
 C = Vault XP percentage of total XP
 D = Non-vault monster count
 E = Vault monster count
 F = Vault count percentage of total count
                 A         B        C        D         E       F
            +---------+---------+-------+---------+---------+-------
      Total |  165525 |   68943 |  29.4 |     612 |     245 |  28.6
            +---------+---------+-------+---------+---------+-------
        D:1 |      50 |       0 |   0.0 |      29 |       0 |   0.0
        D:2 |      82 |       4 |   4.7 |      14 |       2 |  12.5
        D:3 |     165 |       0 |   0.0 |      12 |       0 |   0.0
        D:4 |     473 |     182 |  27.8 |      20 |       6 |  23.1
        D:5 |     767 |      14 |   1.8 |      13 |       8 |  38.1
        D:6 |    1181 |       0 |   0.0 |      27 |       0 |   0.0
        D:7 |    1101 |     806 |  42.3 |      18 |       4 |  18.2
        D:8 |     652 |       0 |   0.0 |      21 |       0 |   0.0
        D:9 |    2788 |    3515 |  55.8 |      24 |      15 |  38.5
       D:10 |    1617 |    1817 |  52.9 |      23 |      13 |  36.1
       D:11 |    2669 |     715 |  21.1 |      20 |      17 |  45.9
       D:12 |    6391 |    1309 |  17.0 |      18 |       2 |  10.0
       D:13 |   10660 |    7371 |  40.9 |      16 |      12 |  42.9
       D:14 |    8224 |    4970 |  37.7 |      17 |       7 |  29.2
       D:15 |    5421 |    3474 |  39.1 |      14 |       5 |  26.3
     Lair:1 |    4852 |    3487 |  41.8 |      15 |      21 |  58.3
     Lair:2 |    7531 |    2334 |  23.7 |      24 |      10 |  29.4
     Lair:3 |    6452 |       0 |   0.0 |      19 |       0 |   0.0
     Lair:4 |   10231 |       0 |   0.0 |      41 |       0 |   0.0
     Lair:5 |    8016 |   13908 |  63.4 |      27 |      53 |  66.2
   Shoals:1 |   15730 |    1868 |  10.6 |      30 |       1 |   3.2
   Shoals:2 |    8373 |     430 |   4.9 |      15 |       1 |   6.2
   Shoals:3 |   12928 |       0 |   0.0 |      23 |       0 |   0.0
   Shoals:4 |    1948 |    2245 |  53.5 |       4 |       3 |  42.9
    Snake:1 |    6730 |    1198 |  15.1 |      15 |       1 |   6.2
    Snake:2 |   16242 |   10135 |  38.4 |      40 |      16 |  28.6
    Snake:3 |   21578 |    1485 |   6.4 |      44 |       1 |   2.2
      Orc:1 |    2244 |       0 |   0.0 |      22 |       0 |   0.0
      Orc:2 |     429 |    7676 |  94.7 |       7 |      47 |  87.0
            +---------+---------+-------+---------+---------+-------
